BSA
ST. LOUIS BROWNS @ KANSAS CITY KINGS
08/14/2026
 
TOP OF THE 1ST
St. Louis Browns batting - Pitching for Kansas City Kings : LHP Jesús López
Pitching: LHP Jesús López
Batting: LHB Mike Hill 0-0: Called Strike
0-1: Swinging Strike
0-2: SINGLE (Flyball, 6MD)
Batting: RHB R.J. Parker 0-0: Swinging Strike
0-1: Foul Ball, location: 2F
0-2: Ball
1-2: Ball
2-2: Foul Ball, location: 2F
2-2: Fly out, F8 (Flyball, 8RD)
Batting: LHB Stan Hickman 0-0: Ball
1-0: Foul Ball, location: 2F
1-1: Ball
2-1: Ball
3-1: Called Strike
3-2: Foul Ball, location: 2F
3-2: Grounds into double play, 6-4-3 (Groundball, 6M)
Top of the 1st over - 0 run(s), 1 hit(s), 0 error(s), 0 left on base; St. Louis 0 - Kansas City 0
BOTTOM OF THE 1ST
Kansas City Kings batting - Pitching for St. Louis Browns : RHP Aaron Palmer
Pitching: RHP Aaron Palmer
Batting: LHB Brian Boone 0-0: Ball
1-0: Ball
2-0: Foul Ball, location: 2F
2-1: SOLO HOME RUN (Flyball, 9D), Distance : 394 ft
Batting: SHB Víctor Serrano 0-0: Called Strike
0-1: Ground out 5-3 (Groundball, 15S)
Batting: RHB Toshimichi Kono 0-0: Ball
1-0: Ball
2-0: SINGLE (Line Drive, 89S)
Batting: LHB Pablo Reyes 0-0: Swinging Strike
0-1: Ground out 5-3 (Groundball, 5S)
Toshimichi Kono to second
Batting: RHB Chris Chandler 0-0: Ball
1-0: Called Strike
1-1: SINGLE (Line Drive, 89S)
Toshimichi Kono to third
Runner from 3rd tries for Home, SAFE, no throw or cutoff
Batting: RHB Dave Parker 0-0: Ball
1-0: Called Strike
1-1: Foul Ball, location: 2F
1-2: Fly out, F7 (Line Drive, 7LD)
Bottom of the 1st over - 2 run(s), 3 hit(s), 0 error(s), 1 left on base; St. Louis 0 - Kansas City 2
TOP OF THE 2ND
St. Louis Browns batting - Pitching for Kansas City Kings : LHP Jesús López
Batting: RHB Carlos Alfaro 0-0: Ball
1-0: Ball
2-0: Fly out, F8 (Flyball, 8RM)
Batting: RHB Mario Rosales 0-0: Fly out, F7 (Flyball, 7M)
Batting: RHB Will Brown 0-0: Ball
1-0: Ball
2-0: DOUBLE (Flyball, 9LM) - OUT at third base trying to stretch hit.
Top of the 2nd over - 0 run(s), 1 hit(s), 0 error(s), 0 left on base; St. Louis 0 - Kansas City 2
BOTTOM OF THE 2ND
Kansas City Kings batting - Pitching for St. Louis Browns : RHP Aaron Palmer
Batting: RHB Adrian Prouse 0-0: Called Strike
0-1: Ground out 6-3 (Groundball, 6M)
Batting: LHB Vic Robertson 0-0: Ball
1-0: Ground out 3-1 (Groundball, 34S)
Batting: RHB Matt Richards 0-0: Fly out, F7 (Flyball, 7LM)
Bottom of the 2nd over - 0 run(s), 0 hit(s), 0 error(s), 0 left on base; St. Louis 0 - Kansas City 2
TOP OF THE 3RD
St. Louis Browns batting - Pitching for Kansas City Kings : LHP Jesús López
Batting: SHB Ryobe Yamamoto 0-0: Swinging Strike
0-1: Ground out 4-3 (Groundball, 34)
Batting: RHB Anthony Rucker 0-0: Called Strike
0-1: Swinging Strike
0-2: Ball
1-2: Strikes out swinging
Batting: RHB José Flores 0-0: Called Strike
0-1: Called Strike
0-2: Strikes out looking
Top of the 3rd over - 0 run(s), 0 hit(s), 0 error(s), 0 left on base; St. Louis 0 - Kansas City 2
BOTTOM OF THE 3RD
Kansas City Kings batting - Pitching for St. Louis Browns : RHP Aaron Palmer
Batting: LHB Brian Boone 0-0: Ball
1-0: Called Strike
1-1: Swinging Strike
1-2: Strikes out looking
Batting: SHB Víctor Serrano 0-0: Foul Ball, location: 2F
0-1: Ball
1-1: Swinging Strike
1-2: Strikes out looking
Batting: RHB Toshimichi Kono 0-0: Called Strike
0-1: Ball
1-1: Ball
2-1: Foul Ball, location: 2F
2-2: Ball
3-2: Foul Ball, location: 2F
3-2: Foul Ball, location: 2F
3-2: Foul Ball, location: 2F
3-2: Strikes out swinging
Bottom of the 3rd over - 0 run(s), 0 hit(s), 0 error(s), 0 left on base; St. Louis 0 - Kansas City 2
TOP OF THE 4TH
St. Louis Browns batting - Pitching for Kansas City Kings : LHP Jesús López
Batting: LHB Mike Hill 0-0: Ball
1-0: Foul Ball, location: 2F
1-1: Swinging Strike
1-2: Ground out 6-3 (Groundball, 6)
Batting: RHB R.J. Parker 0-0: Ball
1-0: Ground out 5-3 (Groundball, 5S)
Batting: LHB Stan Hickman 0-0: Ball
1-0: Foul Ball, location: 2F
1-1: Fly out, F7 (Flyball, 78D)
Top of the 4th over - 0 run(s), 0 hit(s), 0 error(s), 0 left on base; St. Louis 0 - Kansas City 2
BOTTOM OF THE 4TH
Kansas City Kings batting - Pitching for St. Louis Browns : RHP Aaron Palmer
Batting: LHB Pablo Reyes 0-0: Foul Ball, location: 2F
0-1: Called Strike
0-2: Ball
1-2: Ball
2-2: Foul Ball, location: 2F
2-2: Strikes out swinging
Batting: RHB Chris Chandler 0-0: Foul Ball, location: 2F
0-1: Foul Ball, location: 2F
0-2: Ball
1-2: Fly out, F3 (Popup, 3SF)
Batting: RHB Dave Parker 0-0: Foul Ball, location: 2F
0-1: Foul Ball, location: 2F
0-2: Ball
1-2: Ball
2-2: Strikes out swinging
Bottom of the 4th over - 0 run(s), 0 hit(s), 0 error(s), 0 left on base; St. Louis 0 - Kansas City 2
TOP OF THE 5TH
St. Louis Browns batting - Pitching for Kansas City Kings : LHP Jesús López
Batting: RHB Carlos Alfaro 0-0: Ball
1-0: Ball
2-0: Foul Ball, location: 2F
2-1: Foul Ball, location: 2F
2-2: Ball
3-2: Foul Ball, location: 2F
3-2: Ground out 1-3 (Groundball, 15)
Batting: RHB Mario Rosales 0-0: Foul Ball, location: 2F
0-1: Ball
1-1: Ball
2-1: Ball
3-1: Called Strike
3-2: Ground out 6-3 (Groundball, 6)
Batting: RHB Will Brown 0-0: Ball
1-0: Called Strike
1-1: Foul Ball, location: 2F
1-2: Fly out, F3 (Popup, 3SF)
Top of the 5th over - 0 run(s), 0 hit(s), 0 error(s), 0 left on base; St. Louis 0 - Kansas City 2
BOTTOM OF THE 5TH
Kansas City Kings batting - Pitching for St. Louis Browns : RHP Aaron Palmer
Batting: RHB Adrian Prouse 0-0: SOLO HOME RUN (Flyball, 89XD), Distance : 384 ft
Batting: LHB Vic Robertson 0-0: Ball
1-0: Ground out 4-3 (Groundball, 4)
Batting: RHB Matt Richards 0-0: Foul Ball, location: 2F
0-1: Ball
1-1: Ball
2-1: Called Strike
2-2: Ball
3-2: Foul Ball, location: 2F
3-2: Fly out, F7 (Flyball, 7LM)
Batting: LHB Brian Boone 0-0: Fly out, F7 (Flyball, 7M)
Bottom of the 5th over - 1 run(s), 1 hit(s), 0 error(s), 0 left on base; St. Louis 0 - Kansas City 3
TOP OF THE 6TH
St. Louis Browns batting - Pitching for Kansas City Kings : LHP Jesús López
Batting: SHB Ryobe Yamamoto 0-0: Ball
1-0: SINGLE (Line Drive, 34D)
Batting: RHB Anthony Rucker 0-0: Called Strike
0-1: Ball
1-1: Ball
2-1: Grounds into double play, 6-4-3 (Groundball, 6)
Batting: RHB José Flores 0-0: Called Strike
0-1: DOUBLE (Line Drive, 7LM)
Batting: LHB Mike Hill 0-0: Fly out, F5 (Popup, 5DF)
Top of the 6th over - 0 run(s), 2 hit(s), 0 error(s), 1 left on base; St. Louis 0 - Kansas City 3
BOTTOM OF THE 6TH
Kansas City Kings batting - Pitching for St. Louis Browns : RHP Aaron Palmer
Batting: SHB Víctor Serrano 0-0: Called Strike
0-1: Ball
1-1: Foul Ball, location: 2F
1-2: Ball
2-2: Foul Ball, location: 2F
2-2: Fly out, F6 (Popup, 56D)
Batting: RHB Toshimichi Kono 0-0: Called Strike
0-1: Ball
1-1: Foul Ball, location: 2F
1-2: Strikes out swinging
Batting: LHB Pablo Reyes 0-0: Ground out 3-1 (Groundball, 34S)
Bottom of the 6th over - 0 run(s), 0 hit(s), 0 error(s), 0 left on base; St. Louis 0 - Kansas City 3
TOP OF THE 7TH
St. Louis Browns batting - Pitching for Kansas City Kings : LHP Jesús López
Batting: RHB R.J. Parker 0-0: Swinging Strike
0-1: Called Strike
0-2: Foul Ball, location: 2F
0-2: Strikes out looking
Batting: LHB Stan Hickman 0-0: Ball
1-0: Called Strike
1-1: Called Strike
1-2: Ball
2-2: Foul Ball, location: 2F
2-2: Strikes out swinging
Batting: RHB Carlos Alfaro 0-0: Ball
1-0: Ground out 2-3 (Groundball, 25)
Top of the 7th over - 0 run(s), 0 hit(s), 0 error(s), 0 left on base; St. Louis 0 - Kansas City 3
BOTTOM OF THE 7TH
Kansas City Kings batting - Pitching for St. Louis Browns : RHP Aaron Palmer
Batting: RHB Chris Chandler 0-0: Ball
1-0: Ball
2-0: Ball
3-0: Called Strike
3-1: Foul Ball, location: 2F
3-2: Ground out 5-3 (Groundball, 56)
Batting: RHB Dave Parker 0-0: Foul Ball, location: 2F
0-1: Ball
1-1: Ball
2-1: Foul Ball, location: 2F
2-2: Ground out 6-3 (Groundball, 6M)
Batting: RHB Adrian Prouse 0-0: Called Strike
0-1: Foul Ball, location: 2F
0-2: Foul Ball, location: 2F
0-2: Ball
1-2: Ball
2-2: Ground out 4-3 (Groundball, 4)
Bottom of the 7th over - 0 run(s), 0 hit(s), 0 error(s), 0 left on base; St. Louis 0 - Kansas City 3
TOP OF THE 8TH
St. Louis Browns batting - Pitching for Kansas City Kings : LHP Jesús López
Batting: RHB Mario Rosales 0-0: Ball
1-0: SINGLE (Groundball, 4M)
Batting: RHB Will Brown 0-0: Fly out, F7 (Flyball, 7D)
Batting: SHB Ryobe Yamamoto 0-0: Ball
1-0: Ball
2-0: Ball
3-0: Base on Balls
Mario Rosales to second
Batting: RHB Anthony Rucker 0-0: SINGLE (Groundball, 56D)
Mario Rosales to third
Ryobe Yamamoto to second
Runner from 3rd tries for Home, SAFE, throw made home
Ryobe Yamamoto to third
Anthony Rucker to second
Batting: RHB José Flores 0-0: Called Strike
0-1: Ball
1-1: Foul Ball, location: 2F
1-2: Strikes out swinging
Batting: LHB Mike Hill 0-0: Called Strike
0-1: Fly out, F2 (Popup, 2L)
Top of the 8th over - 1 run(s), 2 hit(s), 0 error(s), 2 left on base; St. Louis 1 - Kansas City 3
BOTTOM OF THE 8TH
Kansas City Kings batting - Pitching for St. Louis Browns : RHP Aaron Palmer
Pitching: LHP Santiago Valentín
Batting: LHB Vic Robertson 0-0: Ball
1-0: Swinging Strike
1-1: Foul Ball, location: 2F
1-2: Strikes out swinging
Batting: RHB Matt Richards 0-0: Called Strike
0-1: Fly out, F8 (Flyball, 8LD)
Batting: LHB Brian Boone 0-0: Ball
1-0: Swinging Strike
1-1: Swinging Strike
1-2: Foul Ball, location: 2F
1-2: Ball
2-2: Ground out 3-1 (Groundball, 34)
Bottom of the 8th over - 0 run(s), 0 hit(s), 0 error(s), 0 left on base; St. Louis 1 - Kansas City 3
TOP OF THE 9TH
St. Louis Browns batting - Pitching for Kansas City Kings : LHP Jesús López
Pitching: RHP Alonso Jiménez
Batting: RHB R.J. Parker 0-0: DOUBLE (Line Drive, 78D)
Batting: LHB Stan Hickman 0-0: Called Strike
0-1: Ball
1-1: Ball
2-1: Fly out, F8 (Flyball, 8RXD)
Runner from 2nd tags up, SAFE at 3rd, no throw
Pinch Hitting: LHB Clinton Clark 0-0: Called Strike
0-1: Ground out 5-3 (Groundball, 56S)
R.J. Parker scores
Batting: RHB Mario Rosales 0-0: Ball
1-0: Ball
2-0: Ball
3-0: Called Strike
3-1: Called Strike
3-2: Ground out 4-3 (Groundball, 4M)
Top of the 9th over - 1 run(s), 1 hit(s), 0 error(s), 0 left on base; St. Louis 2 - Kansas City 3
Monday, December 5th, 2016 - OOTP Baseball 17.12 Build 75